 Dungeon Crawl Stone Soup version 0.31-a0-182-gc5ef74bbde (webtiles) character file.

Game seed: 14566185053279012286

1324 qw the Cleaver (level 8, -4/50 HPs)
             Began as a Gargoyle Fighter on June 20, 2023.
             Slain by a vampire (9 damage)
             ... on level 5 of the Dungeon.
             The game lasted 00:02:16 (4886 turns).

qw the Cleaver (Gargoyle Fighter)                   Turns: 4886, Time: 00:02:17

Health: -4/50      AC: 18    Str: 20    XL:     8   Next: 60%
Magic:  7/7        EV:  6    Int: 14    God:
Gold:   953        SH:  4    Dex:  8    Spells: 7/7 levels left

rFire   + . .        Y - +1 war axe
rCold   . . .        c - +0 buckler
rNeg    + . .        b - +0 plate armour
rPois   inf          p - +0 helmet
rElec   +            (no cloak)
rCorr   .            (no gloves)
SInv    .            (no boots)
Will    .....        (no amulet) Stlth
                     l - ring of protection from fire
HPRegen 0.28/turn    (no ring)
MPRegen 0.10/turn

%: no passive effects
@: no status effects
A: sickness immunity, AC +5, negative energy resistance 1, electricity
resistance, torment resistance 1, petrification resistance, hooves 1, clever 1,
low MP 1
a: no special abilities


You were on level 5 of the Dungeon.
You visited 1 branch of the dungeon, and saw 5 of its levels.
You also visited: Sewer.

You collected 1019 gold pieces.
You spent 66 gold pieces at shops.


Innate Abilities, Weirdness & Mutations

You are immune to sickness and miasma.
Your stone body is resilient. (AC +5)
You are immune to poison.
You resist negative energy. (rN+)
You are resistant to electric shocks. (rElec)
You are resistant to unholy torment.
You are immune to petrification.
You have large cloven feet.
Your mind is acute. (Int +4, Str/Dex -1)
Your magical capacity is low. (-10% MP)


   Skills:
 + Level 5.5 Fighting
 - Level 8.0 Axes
 - Level 1.6 Throwing
 - Level 4.3 Armour
 - Level 1.2 Dodging
 - Level 3.2 Shields


You had 7 spell levels left.
You didn't know any spells.
Your spell library was empty.

Inventory:

Hand Weapons
 o - a +0 flail
 Y - a +1 war axe (weapon)
Missiles
 e - a boomerang (quivered)
Armour
 b - a +0 plate armour (worn)
 c - a +0 buckler (worn)
 p - a +0 helmet (worn)
Jewellery
 l - a ring of protection from fire (left hand)
Scrolls
 g - 2 scrolls of identify
 m - a scroll of teleportation
Potions
 a - 2 potions of heal wounds
 d - 2 potions of might
 f - 2 potions of magic
 h - a potion of enlightenment
 i - 2 potions of attraction
 j - 3 potions of curing
 k - a potion of haste
 q - 2 potions of mutation

Dungeon Overview and Level Annotations

Branches:
Dungeon (5/15)              Sewer (visited)
 Temple: D:4-7

Altars:
Xom

Shops:
D:3 (   D:5 (


Message History

You hit the vampire but do no damage. The vampire completely misses you.
You block the vampire's attack.
The vampire gestures at you while chanting.
You are confused.
4878 ||| DRINKING 4 potions of curing.
You feel better.
4878 ||| (to cure confusion)
The vampire hits you!
The vampire bites you but does no damage.
You hit the vampire. You kick the vampire, but do no damage.
The vampire is lightly damaged.
The vampire barely misses you.
The vampire bites you but does no damage.
You hit the vampire but do no damage. Your kick misses the vampire.
The vampire is lightly damaged.
The vampire hits you but does no damage.
The vampire bites you!
You closely miss the vampire. You kick the vampire, but do no damage.
The vampire is lightly damaged.
The vampire hits you but does no damage.
You block the vampire's attack.
You hit the vampire but do no damage. Your kick misses the vampire.
The vampire is lightly damaged.
The vampire hits you but does no damage.
The vampire bites you but does no damage.
You barely miss the vampire. Your kick misses the vampire.
The vampire is lightly damaged.
The vampire completely misses you. The vampire bites you.
You slash the vampire!
The vampire is heavily damaged.
The vampire hits you but does no damage.
The vampire closely misses you.
You slash the vampire!
The vampire is severely damaged.
The vampire hits you!
The vampire bites you but does no damage.
You hit the vampire. Your kick misses the vampire.
The vampire is almost destroyed.
The vampire barely misses you. The vampire bites you. The vampire hits you!
The vampire bites you!
You die...

#(#..)########....#..#..##.......
###.........)#######.............
......#.#..#.).....#.............
......#....).#.#.#.#..#....>.....
......#......#.....####..........
....#.#.#..#.#.#.#.#.............
......#......#.....####..........
......###########'##..#.....###..
.#....#.. s.#lV@.#........## ###
.#....#..#V..#)##.#.........# #..
......##'#...'.##.#.......<.###.#
.......#|#####....#.............#
.......###...######.............'
............#.##........##.#....#
.............####.#........#....#
.......#.##...##..#..#.....##....
.......####...#......#......[#..#


You could see a vampire and an iguana.

Vanquished Creatures
  Grinder (D:5)
  Eustachio (D:5)
  Menkaure (D:5)
  A sky beast (D:5)
  2 centaurs (D:5)
  2 scorpions (D:5)
  2 hounds (D:4)
  A jelly (D:5)
  4 iguanas (D:5)
  Terence (D:2)
  2 sleepcaps (D:5)
  A gnoll bouda (D:3)
  An orc wizard (D:4)
  A hell rat (Sewer)
  6 gnolls
  3 adders
  A white imp (D:5)
  An ufetubus (D:5)
  4 worms
  A dart slug (D:2)
  6 orcs
  3 bats
  8 endoplasms
  3 giant cockroaches
  5 goblins
  5 hobgoblins
  7 jackals
  7 kobolds
  4 quokkas
  2 ball pythons
  4 frilled lizards
  5 rats
96 creatures vanquished.

Notes
Turn   | Place    | Note
-------+----------+-------------------------------------------
     0 | D:1      | qw the Gargoyle Fighter began the quest for the Orb.
     0 | D:1      | Reached XP level 1. HP: 14/14 MP: 1/1
     0 | D:1      | 0 ||| qw: Version: 0.3-a-9-g12657ce
     0 | D:1      | 0 ||| qw: Game counter: 1466
     0 | D:1      | 0 ||| qw: Always use a shield: true
     0 | D:1      | 0 ||| qw: God list: Okawaru
     0 | D:1      | 0 ||| qw: Allow faded altars: false
     0 | D:1      | 0 ||| qw: Do Orc after D:15 true
     0 | D:1      | 0 ||| qw: Do second Lair branch before Depths: true
     0 | D:1      | 0 ||| qw: Lair rune preference: random
     0 | D:1      | 0 ||| qw: Plans: Normal, Zot:1-4, Slime:5, God:TSO, Crypt,
                  | Tomb, Abyss, Pan, Hells, Win
     0 | D:1      | 0 ||| PLANNING D:1-11
    77 | D:1      | 77 ||| Stepping ~*~*~tactically~*~*~ (stealth).
    87 | D:1      | 87 ||| Stepping ~*~*~tactically~*~*~ (stealth).
   101 | D:1      | Reached skill level 2 in Axes
   193 | D:1      | 193 ||| DROPPING +0 club.
   235 | D:1      | Reached XP level 2. HP: 17/19 MP: 2/2
   821 | D:1      | 821 ||| UPGRADING to ring of protection from fire.
   822 | D:1      | 822 ||| READING scroll labelled YNKOOD FOILY.
   823 | D:1      | 823 ||| READING scroll labelled YKHATIXZ LACZA.
   824 | D:1      | 824 ||| DRINKING 2 fizzy orange potions.
   825 | D:1      | 825 ||| DRINKING 2 red potions.
   956 | D:2      | Reached skill level 3 in Axes
  1033 | D:2      | Reached XP level 3. HP: 23/23 MP: 3/3
  1311 | D:2      | 1311 ||| Stepping ~*~*~tactically~*~*~ (stealth).
  1312 | D:2      | 1312 ||| Stepping ~*~*~tactically~*~*~ (stealth).
  1313 | D:2      | 1313 ||| Stepping ~*~*~tactically~*~*~ (stealth).
  1481 | D:2      | 1481 ||| UPGRADING to +0 chain mail.
  1491 | D:2      | 1491 ||| DROPPING +0 scale mail.
  1492 | D:2      | 1492 ||| UPGRADING to +0 helmet.
  1497 | D:2      | 1497 ||| READING scroll labelled QIURGH ZUSHRI.
  1498 | D:2      | 1498 ||| READING scroll labelled LUOXYX QECS.
  1498 | D:2      | Identified a scroll of acquirement
  1498 | D:2      | 1498 ||| ACQUIRING 809 gold pieces
  1498 | D:2      | Acquired 809 gold pieces
  1500 | D:2      | 1500 ||| READING scroll labelled GEGAKHL PYTE.
  1501 | D:2      | 1501 ||| READING 2 scrolls of identify.
  1501 | D:2      | 1501 ||| IDENTIFYING murky pink potion
  1540 | D:3      | Noticed Terence
  1547 | D:3      | 1547 ||| STAIRDANCE
  1555 | D:2      | Killed Terence
  1556 | D:2      | Reached XP level 4. HP: 21/28 MP: 4/4
  1617 | D:3      | Found a faded altar of an unknown god.
  1730 | D:3      | Reached skill level 4 in Axes
  1889 | D:3      | 1889 ||| DROPPING +0 whip.
  1962 | D:3      | Found Voupu's Antique Weapon Emporium.
  1968 | D:3      | 1968 ||| BUYING flail (66 gold).
  1968 | D:3      | Bought a flail for 66 gold pieces
  1968 | D:3      | 1968 ||| DROPPING +2 heavy mace.
  2041 | D:3      | 2041 ||| READING 3 scrolls labelled DEHEIXO TOCA.
  2042 | D:3      | 2042 ||| DRINKING 2 silvery potions.
  2043 | D:3      | 2043 ||| READING 2 scrolls of identify.
  2043 | D:3      | 2043 ||| IDENTIFYING fizzy ruby potion
  2044 | D:3      | 2044 ||| DROPPING 2 scrolls of revelation.
  2169 | D:3      | HP: 7/28 [kobold/+0 dagger (2)]
  2174 | D:3      | HP: 5/28 [gnoll/+0 halberd[a gnoll bouda] (3)]
  2230 | D:3      | 2230 ||| FLEEEEING.
  2231 | D:3      | 2231 ||| FLEEEEING.
  2232 | D:3      | 2232 ||| FLEEEEING.
  2233 | D:3      | 2233 ||| FLEEEEING.
  2306 | D:3      | Reached XP level 5. HP: 32/32 MP: 5/5
  2309 | D:3      | 2309 ||| Stepping ~*~*~tactically~*~*~ (hiding).
  2310 | D:3      | 2310 ||| Stepping ~*~*~tactically~*~*~ (hiding).
  2311 | D:3      | 2311 ||| Stepping ~*~*~tactically~*~*~ (hiding).
  2312 | D:3      | 2312 ||| Stepping ~*~*~tactically~*~*~ (hiding).
  2313 | D:3      | 2313 ||| Stepping ~*~*~tactically~*~*~ (hiding).
  2522 | D:3      | 2522 ||| Stepping ~*~*~tactically~*~*~ (stealth).
  2523 | D:3      | 2523 ||| Stepping ~*~*~tactically~*~*~ (stealth).
  2845 | D:4      | 2845 ||| Stepping ~*~*~tactically~*~*~ (stealth).
  2858 | D:4      | 2858 ||| Stepping ~*~*~tactically~*~*~ (stealth).
  2870 | D:4      | Reached skill level 5 in Axes
  3029 | D:4      | 3029 ||| Stepping ~*~*~tactically~*~*~ (hiding).
  3405 | D:4      | Reached XP level 6. HP: 33/38 MP: 6/6
  3748 | D:4      | 3748 ||| READING scroll labelled ANABOKHL VOIR.
  3752 | D:4      | 3752 ||| DRINKING 2 fuming orange potions.
  3753 | D:4      | 3753 ||| DROPPING potion of degeneration.
  3781 | D:5      | Entered Level 5 of the Dungeon
  3782 | D:5      | 3782 ||| PLANNING SEWER
  3807 | D:5      | Noticed Grinder
  3808 | D:5      | 3808 ||| Stepping ~*~*~tactically~*~*~ (hiding).
  3809 | D:5      | 3809 ||| Stepping ~*~*~tactically~*~*~ (hiding).
  3810 | D:5      | 3810 ||| Stepping ~*~*~tactically~*~*~ (hiding).
  3811 | D:5      | 3811 ||| Stepping ~*~*~tactically~*~*~ (hiding).
  3820 | D:5      | Paralysed by Grinder for 3 turns
  3824 | D:5      | Paralysed by Grinder for 2 turns
  3829 | D:5      | Killed Grinder
  3830 | D:5      | Reached skill level 6 in Axes
  3830 | D:5      | Reached XP level 7. HP: 27/43 MP: 7/7
  3924 | D:5      | Found Kydeihot's Weapon Shop.
  3924 | D:5      | Noticed a +0 lajatang
  3924 | D:5      | Noticed a +0 rapier
  3933 | D:5      | 3933 ||| DRINKING 3 cyan potions.
  3933 | D:5      | Gained mutation: Your magical capacity is low. (-10% MP)
                  | [potion of mutation]
  3933 | D:5      | Gained mutation: You have large cloven feet. [potion of
                  | mutation]
  3933 | D:5      | Gained mutation: Your mind is acute. (Int +4, Str/Dex -1)
                  | [potion of mutation]
  4082 | D:5      | Reached skill level 7 in Axes
  4098 | D:5      | Noticed Menkaure
  4101 | D:5      | Killed Menkaure
  4116 | D:5      | 4116 ||| FLEEEEING.
  4117 | D:5      | 4117 ||| FLEEEEING.
  4121 | D:5      | Reached skill level 1 in Dodging
  4126 | D:5      | 4126 ||| STAIRDANCE
  4225 | D:5      | Noticed a vampire
  4283 | D:5      | Found a glowing drain.
  4284 | D:5      | 4284 ||| UPGRADING to +0 plate armour.
  4294 | D:5      | 4294 ||| DROPPING +0 chain mail.
  4301 | D:5      | Reached XP level 8. HP: 47/49 MP: 7/7
  4310 | Sewer    | Entered a sewer
  4336 | Sewer    | 4336 ||| Stepping ~*~*~tactically~*~*~ (water).
  4425 | Sewer    | 4425 ||| DRINKING 3 sedimented white potions.
  4426 | Sewer    | 4426 ||| DRINKING 2 bubbling silvery potions.
  4427 | Sewer    | 4427 ||| DROPPING potion of invisibility.
  4439 | D:5      | 4439 ||| PLANNING D:1-11
  4491 | D:5      | Found a shimmering altar of Xom.
  4630 | D:5      | Noticed Eustachio
  4654 | D:5      | Reached skill level 1 in Throwing
  4695 | D:5      | Killed Eustachio
  4756 | D:5      | 4756 ||| FLEEEEING.
  4845 | D:5      | Reached skill level 8 in Axes
  4878 | D:5      | 4878 ||| DRINKING 4 potions of curing.
  4878 | D:5      | 4878 ||| (to cure confusion)
  4886 | D:5      | HP: 5/50 [vampire (8)]
  4886 | D:5      | Slain by a vampire

Levels and vault maps discovered:
D:1:      ncdulo_smallfort, layout_basic
D:2:      layout_loops_ring, minmay_misc_feat_hallway, minmay_fountain_box,
          minmay_misc_feat_room
D:3:      layout_basic, serial_shops, nicolae_shop_just_a_little_nook,
          shapermc_ecumenical_altar_pompeii, chequers_serial_rivers_micro_e,
          uniq_terence
D:4:      layout_rooms, serial_co_window_serial, co_window_corner_a,
          co_window_paths_a, co_window_corner_a, co_window_paths_a,
          co_window_corner_a, co_window_2corner, co_window_2corner,
          co_window_cross_2, co_window_unsneaky_path_e, co_window_broadway_b,
          co_window_4corner_b
D:5:      minmay_clustersquares, layout_cave_pools,
          lemuel_coloured_pillars_altar, gup_sewer_entry_glass, serial_shops,
          nicolae_shop_mannequins, nrook_campfire, uniq_eustachio, uniq_grinder,
          uniq_menkaure

Skill      XL: |  1  2  3  4  5  6  7  8 |
---------------+-------------------------+-----
Axes           | 2 3 4 5 6 7 8 |  8.0
Fighting       | 4 5 |  5.5
Dodging        | 1 |  1.2
Armour         | 4 |  4.3
Throwing       | 1 |  1.6
Shields        | |  3.2

Action                     |  1- 3 |  4- 6 |  7- 9 || total
---------------------------+-------+-------+-------++-------
  Melee: War axe           |   101 |   109 |   133 ||   343
         Kick              |       |       |    29 ||    29
  Throw: Boomerang         |       |    46 |    47 ||    93
    Use: Scroll            |     6 |     3 |       ||     9
         Potion            |     2 |     2 |     4 ||     8
 Armour: Scale mail        |    46 |       |       ||    46
         Chain mail        |     3 |    67 |    12 ||    82
         Plate armour      |       |       |   116 ||   116
  Dodge: Dodged            |    45 |    35 |    46 ||   126
  Block: Buckler           |    18 |    18 |    34 ||    70

Table legend:
 A = Non-vault XP
 B = Vault XP
 C = Vault XP percentage of total XP
 D = Non-vault monster count
 E = Vault monster count
 F = Vault count percentage of total count
                 A         B        C        D         E       F
            +---------+---------+-------+---------+---------+-------
      Total |     716 |    1176 |  62.2 |      77 |      19 |  19.8
            +---------+---------+-------+---------+---------+-------
        D:1 |      25 |       0 |   0.0 |      14 |       0 |   0.0
        D:2 |      27 |      38 |  58.5 |      13 |       1 |   7.1
        D:3 |     114 |       0 |   0.0 |      23 |       0 |   0.0
        D:4 |     153 |       0 |   0.0 |      13 |       0 |   0.0
        D:5 |     397 |    1103 |  73.5 |      14 |      14 |  50.0
      Sewer |       0 |      35 | 100.0 |       0 |       4 | 100.0
            +---------+---------+-------+---------+---------+-------
